 Dungeon Crawl Stone Soup version 0.29.0-11-gd7f09526c8 (webtiles) character file.

Game seed: 13735653965797112474

33626 NinjaNoafa the Cardsharp (level 13, -4/108 HPs)
             Began as a Hill Orc Monk on Sept 2, 2022.
             Was a High Priest of Nemelex Xobeh.
             Slain by Rupert
             ... wielding a +1 great mace of holy wrath
              (32 damage)
             ... on level 1 of the Snake Pit.
             The game lasted 00:54:20 (20350 turns).

NinjaNoafa the Cardsharp (Hill Orc Monk)           Turns: 20350, Time: 00:54:23

Health: -4/108     AC: 37    Str: 27    XL:     13   Next: 72%
Magic:  14/22      EV: 11    Int:  8    God:    Nemelex Xobeh [*****.]
Gold:   1397       SH: 16    Dex: 11    Spells: 17/18 levels left

rFire   + . .      SeeInvis .   B - +10 lance "Wyrmbane" {slay drac, rPois rF+ rC+ AC+3}
rCold   + . .      Faith    .   G - +2 tower shield
rNeg    . . .      Spirit   .   y - +18 Lear's hauberk
rPois   +          Reflect  .   (helmet currently unavailable)
rElec   .          Harm     .   t - +0 cloak {rCorr}
rCorr   +          Rampage  .   (gloves currently unavailable)
Will    .....      Clarity  +   (boots currently unavailable)
Stlth   ..........              (no amulet)
HPRegen 0.28/turn               k - +4 ring of evasion
MPRegen 0.18/turn               r - +4 ring of protection

@: no status effects
A: clarity, strong 2, subdued magic 1
a: Renounce Religion, Draw Escape, Draw Destruction, Draw Summoning, Triple
Draw, Deal Four, Stack Five


You were on level 1 of the Snake Pit.
You worshipped Nemelex Xobeh.
Nemelex Xobeh was extremely pleased with you.
You visited 4 branches of the dungeon, and saw 18 of its levels.
You visited the Abyss 1 time.
You also visited: Ossuary.

You collected 1639 gold pieces.
You spent 242 gold pieces at shops.

Inventory:

Hand Weapons
 B - the +10 lance "Wyrmbane" (weapon) {slay drac, rPois rF+ rC+ AC+3}
   (You took it off Maggie on level 7 of the Dungeon)

   It inflicts extra damage against dragons and draconians.
   AC:        It affects your AC (+3).
   rF:        It protects you from fire.
   rC:        It protects you from cold.
   rPois:     It protects you from poison.
Missiles
 d - 189 stones
 f - 55 poisoned darts
 p - 2 curare-tipped darts
 v - 12 boomerangs
 F - 5 javelins (quivered)
 N - a throwing net
Armour
 t - a +0 cloak of preservation (worn)
 y - the +18 Lear's hauberk (worn)
   (You found it on level 9 of the Dungeon)
 G - a +2 tower shield (worn)
 I - a scarf of resistance
Jewellery
 h - a ring of ice
 k - a +4 ring of evasion (left hand)
 r - a +4 ring of protection (right hand)
 u - a ring of resist corrosion
 z - a ring of fire
 O - an amulet of magic regeneration
Wands
 s - a wand of flame (11)
 w - a wand of acid (2)
 C - a wand of paralysis (10)
 L - a wand of iceblast (3)
Scrolls
 b - 5 scrolls of identify
 g - 3 scrolls of poison
 i - 2 scrolls of fear
 j - 2 scrolls of noise
 m - 3 scrolls of teleportation
 q - 3 scrolls of magic mapping
 A - 3 scrolls of fog
 D - a scroll of summoning
 E - a scroll of silence {unknown}
 J - a scroll of immolation
Potions
 a - 4 potions of attraction
 c - 2 potions of haste
 e - 2 potions of magic
 l - 9 potions of curing
 n - 3 potions of cancellation
 o - 2 potions of resistance
 x - 4 potions of lignification
 H - a potion of might
 K - 5 potions of ambrosia
 P - a potion of heal wounds
 Q - a potion of invisibility
Miscellaneous
 R - a condenser vane


   Skills:
 + Level 8.3 Fighting
 - Level 7.3(11.4) Axes
 - Level 3.1(5.0) Maces & Flails
 + Level 11.0(11.6) Polearms
 + Level 9.7 Armour
 - Level 4.5 Dodging
 - Level 1.5 Stealth
 - Level 8.0 Shields
 - Level 3.0 Spellcasting
 - Level 7.3 Summonings
 - Level 13.0 Invocations
 - Level 7.0 Evocations


You had 17 spell levels left.
You knew the following spells:

 Your Spells              Type           Power      Damage    Failure   Level
a - Summon Small Mammal   Summ           36%        N/A       45%         1

Your spell library contained the following spells:

 Spells                   Type           Power      Damage    Failure   Level
 Call Canine Familiar     Summ           9%         N/A       83%         3
 Beastly Appendage        Tmut           0%         N/A       100%        1
 Slow                     Hex            0%         N/A       100%        1
 Sting                    Tmut/Pois      0%         1d3       100%        1
 Poisonous Vapours        Pois/Air       0%         N/A       100%        2
 Wereblood                Tmut           0%         N/A       100%        2
 Confusing Touch          Hex            0%         N/A       100%        3
 Spider Form              Tmut/Pois      0%         N/A       100%        3
 Summon Guardian Golem    Hex/Summ       5%         N/A       100%        3
 Vampiric Draining        Necr           0%         2d6       100%        3
 Hailstorm                Conj/Ice       0%         3d3       100%        4
 Ice Form                 Ice/Tmut       0%         N/A       100%        4
 Olgreb's Toxic Radiance  Pois           0%         N/A       100%        4
 Summon Forest            Summ/Tloc      2%         N/A       100%        5
 Summon Mana Viper        Hex/Summ       5%         N/A       100%        5
 Simulacrum               Ice/Necr       0%         N/A       100%        6
 Summon Cactus Giant      Summ           4%         N/A       100%        6


Dungeon Overview and Level Annotations

Branches:
Dungeon (14/15)            Temple (1/1) D:7            Lair (2/5) D:11
  Snake (1/4) Lair:2          Orc (0/2) D:9          Vaults (0/5) D:13
Ossuary (visited)
  Swamp: Lair:2-3    Shoals: Lair:2-3

Altars:
Ashenzari
Cheibriados
Dithmenos
Elyvilon
Fedhas
Gozag
Hepliaklqana
Kikubaaqudgha
Makhleb
Nemelex Xobeh
Okawaru
Qazlal
Ru
Sif Muna
Trog
Uskayaw
Vehumet
Wu Jian
Xom
Yredelemnul
Zin
The Shining One

Shops:
D:7 [   D:8 [   D:12 [   D:14 *

Annotations:
D:14 3 runed translucent doors, Cown's ghost, journeyman TrHu
Snake:1 Rupert


Innate Abilities, Weirdness & Mutations

You possess an exceptional clarity of mind.
Your muscles are very strong. (Str +8, Int/Dex -2)
Your spells are a little easier to cast, but a little less powerful.


Message History

Press: ? - help, Shift-Dir - straight line, f/p - Rupert
Aim: Rupert, wielding a +1 great mace of holy wrath and wearing a +0 chain mail (moderately wounded, berserk, ally target)
Your orb of destruction hits a stone wall.
The wavering orb of destruction weakly hits Rupert!
Rupert is moderately wounded.
The wavering orb of destruction weakly hits NinjaNoafa's illusion but does no damage.
You deal a card...
You have dealt Pain.
Press: ? - help, Shift-Dir - straight line, f/p - Rupert
Aim: Rupert, wielding a +1 great mace of holy wrath and wearing a +0 chain mail (moderately wounded, berserk, ally target)
The bolt of negative energy hits Rupert!!
Rupert is drained!
Rupert is heavily wounded.
You deal a card...
You have dealt Vitriol.
Press: ? - help, Shift-Dir - straight line, f/p - Rupert
Aim: Rupert, wielding a +1 great mace of holy wrath and wearing a +0 chain mail (heavily wounded, berserk, lightly drained, ally target)
The bolt of acid hits Rupert!!
The acid corrodes Rupert!
Rupert is severely wounded.
You block Rupert's attack.
The wavering orb of destruction hits your hellwing!!
Your hellwing is severely wounded.
Your hellwing disappears in a puff of smoke!
Your hell hound bites Rupert.
Your orb of destruction hits a rock wall.
Rupert hits your hell hound with a +1 great mace of holy wrath!!
Your hell hound dies!
Your hell hound's corpse disappears in a puff of smoke!
Rupert shouts!
You puncture Rupert!
Rupert is severely wounded.
Rupert barely misses you.
You hit Rupert.
Rupert is severely wounded.
Rupert hits you with a +1 great mace of holy wrath!!
* * * LOW HITPOINT WARNING * * *
NinjaNoafa's illusion hits Rupert!!
Rupert hits you with a +1 great mace of holy wrath!!
You die...
Your body glows with a rainbow of weird colours and disappears.

.....#............#
##.## #..
.........####.....#
##...## ##.
.#####...##
###########.....####.
##.#.#
##...#..#......###
###.##
##.###..##....###..
#^.####..# ##.##...##
###
##..#....####.###.##
#....§○§.##...#.##
#######@@○#..##.##
##.....##@..####.# #
#.#####.#...# ###
#.#.......'...#
#.'...⌠...##.##
#.##..N...'..# #
#.#####}####
##.....## #######


You could see Rupert (berserk, corroded, drained, ally target) and the friendly
NinjaNoafa's illusion (summoned).

Vanquished Creatures
  A bone dragon (Abyss:2)
  A hydra (Lair:1)
  A boulder beetle (Lair:1)
  A catoblepas (D:14)
  4 two-headed ogres
  An anaconda (Snake:1)
  3 centaur warriors
  3 skeletal warriors (D:14)
  A cyclops (D:11)
  A manticore (D:13)
  A mana viper (Snake:1)
  An elephant (D:11)
  A smoke demon (Abyss:2)
  3 gargoyles
  9 cane toads (Lair:1)
  An unseen horror (D:11)
  Maggie (D:7)
  3 kobold demonologists (D:13)
  3 komodo dragons
  A large abomination (Abyss:2)
  A queen bee (Lair:1)
  A polar bear (Lair:1)
  6 trolls
  2 hornets
  Grinder (D:5)
  A slime creature (D:14)
  4 shadows
  Sigmund (D:4)
  2 vampires (D:13)
  2 centaur simulacra
  18 yaks
  A wraith (D:9)
  4 basilisks
  A steam dragon (shapeshifter) (D:14)
  2 steam dragons
  A naga (Snake:1)
  3 acid dragons
  A swamp worm (D:13)
  Duvessa (D:7)
  7 water moccasins
  2 sky beasts
  A black bear (D:11)
  2 ice beasts
  2 ogres (D:6)
  4 orc warriors
  4 wolves
  4 centaurs
  7 bullfrogs
  3 phantoms
  6 kobold brigands
  3 necrophages
  A scorpion (D:7)
  A small abomination (Abyss:2)
  4 water moccasin zombies (Ossuary)
  20 wights
  18 killer bees
  A howler monkey (D:7)
  6 hounds
  4 orc priests
  2 jellies
  2 gnoll boudas
  10 orc wizards
  5 iguanas
  2 mummies (Ossuary)
  Robin (D:2)
  6 gnolls
  7 adders
  A white imp (D:5)
  4 adder zombies (Ossuary)
  2 worms
  27 orcs
  A ball python (D:3)
  6 bats
  4 endoplasms
  4 giant cockroaches
  8 hobgoblins
  3 jackals (D:1)
  A quokka (D:4)
  2 frilled lizards (D:1)
  2 gnoll zombies (Ossuary)
  19 goblins
  3 hobgoblin zombies (Ossuary)
  32 kobolds
  4 kobold zombies (Ossuary)
  6 rats
  A spectral kobold (D:6)
359 creatures vanquished.

Vanquished Creatures (collateral kills)
  A komodo dragon (D:12)
  A kobold demonologist (D:12)
  2 bullfrogs (D:6)
  A wight (D:6)
  Dowan (D:7)
  2 shadow imps (D:7)
  2 adder zombies (Ossuary)
  2 orcs (D:7)
  3 hobgoblin zombies (Ossuary)
  3 kobold zombies (Ossuary)
  3 orc zombies (Ossuary)
21 creatures vanquished.

Vanquished Creatures (others)
  15 fungi
  A lurking horror (Abyss:2)
  5 plants (Lair:1)
  3 withered plants (D:2)
24 creatures vanquished.

Grand Total: 404 creatures vanquished

Notes
Turn   | Place    | Note
-------+----------+-------------------------------------------
     0 | D:1      | NinjaNoafa the Hill Orc Monk began the quest for the Orb.
     0 | D:1      | Reached XP level 1. HP: 19/19 MP: 1/1
    77 | D:1      | Reached XP level 2. HP: 14/27 MP: 2/2
   370 | D:1      | Reached skill level 1 in Armour
   834 | D:1      | Reached XP level 3. HP: 33/33 MP: 3/3
  1280 | D:2      | Noticed Robin
  1314 | D:2      | Reached skill level 1 in Maces & Flails
  1321 | D:2      | Killed Robin
  1471 | D:2      | Reached XP level 4. HP: 41/41 MP: 4/4
  1501 | D:2      | Identified the +0 ring mail of Bitterness {rN+ Int+2}
  1642 | D:2      | Found a faded altar of an unknown god.
  3084 | D:4      | Noticed a phantom
  3088 | D:4      | Killed a phantom
  3089 | D:4      | Reached skill level 5 in Fighting
  3089 | D:4      | Reached XP level 5. HP: 48/48 MP: 5/5
  3128 | D:4      | Noticed Sigmund
  3156 | D:4      | Killed Sigmund
  3157 | D:4      | Reached XP level 6. HP: 55/56 MP: 6/6
  3303 | D:4      | Reached skill level 5 in Armour
  3303 | D:4      | Reached skill level 1 in Summonings
  3505 | D:4      | Found a sparkling altar of Nemelex Xobeh.
  3704 | D:4      | Found a shimmering altar of Xom.
  3920 | D:4      | Found a glowing golden altar of the Shining One.
  4052 | D:4      | Became a worshipper of Nemelex Xobeh the Trickster
  4052 | D:4      | Reached * piety under Nemelex Xobeh
  4052 | D:4      | Received a gift from Nemelex Xobeh
  4052 | D:4      | Reached ** piety under Nemelex Xobeh
  4095 | D:5      | Entered Level 5 of the Dungeon
  4142 | D:5      | Reached skill level 1 in Spellcasting
  4143 | D:5      | Reached XP level 7. HP: 45/61 MP: 8/8
  4915 | D:5      | Noticed Grinder
  4917 | D:5      | Paralysed by Grinder for 3 turns
  4925 | D:5      | Paralysed by Grinder for 4 turns
  4935 | D:5      | Killed Grinder
  4936 | D:5      | Reached skill level 5 in Summonings
  4936 | D:5      | Reached skill level 2 in Invocations
  4936 | D:5      | Reached XP level 8. HP: 68/68 MP: 11/11
  4986 | D:5      | Reached skill level 5 in Axes
  5176 | D:5      | Reached skill level 3 in Invocations
  5447 | D:6      | Received a gift from Nemelex Xobeh
  5492 | D:6      | Reached skill level 4 in Invocations
  5639 | D:6      | Learned a level 1 spell: Summon Small Mammal
  5908 | D:6      | Reached skill level 5 in Invocations
  5908 | D:6      | Reached XP level 9. HP: 30/68 MP: 10/12
  6033 | D:6      | Found a sacrificial altar of Ru.
  6054 | D:6      | Reached skill level 6 in Invocations
  6427 | D:6      | Reached skill level 7 in Invocations
  6663 | D:6      | Found an iron altar of Okawaru.
  6682 | D:6      | Reached *** piety under Nemelex Xobeh
  6784 | D:6      | Found a hazy altar of Hepliaklqana.
  7542 | D:6      | Found a snail-covered altar of Cheibriados.
  7686 | D:7      | Noticed Duvessa
  7707 | D:7      | Killed Duvessa
  7713 | D:7      | Learned a level 3 spell: Call Canine Familiar
  7772 | D:7      | Noticed Dowan
  7800 | D:7      | Killed Dowan
  8135 | D:7      | Received a gift from Nemelex Xobeh
  8181 | D:7      | Found a sand-covered staircase.
  8190 | Ossuary  | Entered an ossuary
  8226 | Ossuary  | Reached XP level 10. HP: 81/81 MP: 15/15
  8458 | D:7      | Noticed Maggie
  8497 | D:7      | Killed Maggie
  8947 | D:7      | Found Newoboch's Armour Boutique.
  8956 | D:7      | Bought a +0 tower shield for 67 gold pieces
  8964 | D:7      | Found a staircase to the Ecumenical Temple.
  8971 | Temple   | Entered the Ecumenical Temple
  9042 | D:7      | Reached skill level 1 in Polearms
  9053 | D:7      | Received a gift from Nemelex Xobeh
  9235 | D:8      | Reached skill level 1 in Shields
  9660 | D:8      | Found Basiqaeg's Armour Shop.
  9676 | D:8      | Found a flagged portal.
  9723 | D:8      | Reached skill level 8 in Invocations
  9736 | D:8      | Reached skill level 1 in Evocations
  9970 | D:8      | Gained mutation: You are frail. (-10% HP) [potion of
                  | mutation]
  9970 | D:8      | Lost mutation: You are frail. (-10% HP) [potion of
                  | mutation]
  9970 | D:8      | Gained mutation: You are dopey. (Int -2) [potion of
                  | mutation]
  9970 | D:8      | Gained mutation: Your spells are a little harder to cast,
                  | but a little more powerful. [potion of mutation]
  9971 | D:8      | Lost mutation: You are dopey. (Int -2) [potion of mutation]
  9971 | D:8      | Lost mutation: Your spells are a little harder to cast, but
                  | a little more powerful. [potion of mutation]
  9971 | D:8      | Gained mutation: Your spells are a little harder to cast,
                  | but a little more powerful. [potion of mutation]
  9971 | D:8      | Gained mutation: Your magical capacity is low. (-10% MP)
                  | [potion of mutation]
  9971 | D:8      | Gained mutation: Your muscles are strong. (Str +4, Int/Dex
                  | -1) [potion of mutation]
 10282 | D:8      | Found an ornate altar of the Wu Jian Council.
 10560 | D:9      | Reached **** piety under Nemelex Xobeh
 10614 | D:9      | Received a gift from Nemelex Xobeh
 10653 | D:9      | Identified a scroll of acquirement
 10653 | D:9      | Acquired 704 gold pieces
 10917 | D:9      | Found a glowing silver altar of Zin.
 10943 | D:9      | Lost mutation: Your magical capacity is low. (-10% MP)
                  | [potion of mutation]
 10943 | D:9      | Lost mutation: Your spells are a little harder to cast, but
                  | a little more powerful. [potion of mutation]
 10943 | D:9      | Gained mutation: Your muscles are very strong. (Str +8,
                  | Int/Dex -2) [potion of mutation]
 10943 | D:9      | Gained mutation: You possess an exceptional clarity of
                  | mind. [potion of mutation]
 10961 | D:9      | Found a staircase to the Orcish Mines.
 11101 | D:9      | Noticed a two-headed ogre
 11109 | D:9      | Reached XP level 11. HP: 60/91 MP: 17/17
 11118 | D:9      | Killed a two-headed ogre
 11327 | D:9      | Found the +18 Lear's hauberk
 11570 | D:10     | Entered Level 10 of the Dungeon
 11745 | D:10     | Noticed a two-headed ogre
 11755 | D:10     | Killed a two-headed ogre
 11756 | D:10     | Reached skill level 5 in Shields
 11834 | D:10     | Noticed a two-headed ogre
 11843 | D:10     | Killed a two-headed ogre
 11844 | D:10     | Reached skill level 9 in Invocations
 12550 | D:11     | Reached skill level 5 in Evocations
 12774 | D:11     | Reached skill level 5 in Polearms
 12983 | D:11     | Found a blossoming altar of Fedhas.
 13075 | D:11     | Received a gift from Nemelex Xobeh
 13453 | D:11     | Noticed a cyclops
 13460 | D:11     | Killed a cyclops
 13504 | D:11     | Reached XP level 12. HP: 67/100 MP: 19/19
 13731 | D:11     | Found a staircase to the Lair.
 13748 | D:11     | Reached skill level 10 in Invocations
 14248 | D:12     | Found Centez's Antique Armour Shoppe.
 14306 | D:12     | Received a gift from Nemelex Xobeh
 14438 | D:12     | Reached ***** piety under Nemelex Xobeh
 14563 | D:13     | Noticed a centaur warrior
 14574 | D:13     | Killed a centaur warrior
 14673 | D:13     | Noticed a two-headed ogre
 14686 | D:13     | Killed a two-headed ogre
 15109 | D:13     | Found a shimmering altar of Xom.
 15111 | D:13     | Found a shimmering altar of Xom.
 15112 | D:13     | Found a shimmering altar of Xom.
 15113 | D:13     | Found a shimmering altar of Xom.
 15116 | D:13     | Found a shimmering altar of Xom.
 15116 | D:13     | Found a shimmering altar of Xom.
 15116 | D:13     | Found a shimmering altar of Xom.
 15299 | D:13     | Noticed a soul eater
 15415 | D:13     | Received a gift from Nemelex Xobeh
 15468 | Abyss:2  | Cast into level 2 of the Abyss (a wizard)
 15540 | Abyss:2  | Noticed a bone dragon
 15572 | Abyss:2  | Killed a bone dragon
 15573 | Abyss:2  | Reached skill level 11 in Invocations
 15585 | Abyss:2  | Noticed a thrashing horror
 15677 | Abyss:2  | Noticed a cacodemon
 15690 | Abyss:2  | Gained mutation: Your spells are a little easier to cast,
                  | but a little less powerful. [a cacodemon]
 15862 | Abyss:2  | Noticed a green very ugly thing
 15866 | Abyss:2  | Noticed a green very ugly thing
 15869 | D:13     | Escaped the Abyss
 15877 | D:13     | Found a gate to the Vaults.
 16551 | D:14     | Found Hawko's General Store.
 16639 | D:14     | Noticed a catoblepas
 16678 | D:14     | Killed a catoblepas
 16679 | D:14     | Reached skill level 12 in Invocations
 16906 | D:14     | Noticed a centaur warrior
 16916 | D:14     | Killed a centaur warrior
 16917 | D:14     | Reached XP level 13. HP: 103/105 MP: 22/22
 16924 | D:14     | Received a gift from Nemelex Xobeh
 16958 | D:14     | Noticed Cown's ghost (journeyman TrHu)
 16959 | D:14     | Noticed a minotaur
 16960 | D:14     | Found the +10 dark maul {vorpal}
 17130 | D:14     | Reached skill level 10 in Polearms
 17376 | D:14     | Bought a potion of berserk rage for 70 gold pieces
 17376 | D:14     | Bought a scroll of enchant armour for 105 gold pieces
 17540 | D:14     | Received a gift from Nemelex Xobeh
 17553 | D:14     | Found a runed translucent gate.
 17553 | D:14     | Found a runed translucent gate.
 17554 | D:14     | Found a runed translucent gate.
 17890 | Lair:1   | Entered Level 1 of the Lair of Beasts
 19140 | Lair:1   | Reached skill level 13 in Invocations
 19707 | Lair:2   | Found a staircase to the Snake Pit.
 19707 | Lair:2   | Received a gift from Nemelex Xobeh
 19713 | Snake:1  | Entered Level 1 of the Snake Pit
 20174 | Snake:1  | Noticed Rupert
 20197 | Snake:1  | Paralysed by Rupert for 4 turns
 20350 | Snake:1  | Slain by Rupert

Illustrated notes

Levels and vault maps discovered:
D:1:      lemuel_arrival_room, layout_basic, minmay_crystal_water,
          minmay_nonomino_d4
D:2:      layout_basic, ebering_ecumenical_altar_petrified, uniq_robin
D:3:      layout_basic
D:4:      layout_loops_corners, mainiacjoe_overflow_cross_hatched,
          mainiacjoe_overflow_alcove_4, tso_oasis_becter, nrook_uturn,
          uniq_sigmund
D:5:      lemuel_ice_spiral_2, layout_basic, serial_aquarium,
          aquarium_bridge_square [aquarium_subvault_bridge,
          aquarium_subvault_window, aquarium_subvault_window,
          aquarium_subvault_bridge], aquarium_bridge_straight
          [aquarium_subvault_bridge, aquarium_subvault_balcony,
          aquarium_subvault_bridge, aquarium_subvault_wall],
          aquarium_window_corridor_1, aquarium_window_fake, aquarium_view_2f,
          aquarium_view_2g, uniq_grinder
D:6:      layout_gridville, kennysheep_mini,
          mainiacjoe_overflow_surrounded_room, okawaru_metal_pillars_3,
          nicolae_hepliaklqana_monster_ancestors, grunt_ministairs_13,
          nrook_mini_vaults, minmay_pentangle
D:7:      layout_loops_ring, minmay_temple_entry_purple_smoke, serial_shops,
          shop, nicolae_ossuary_entry_plus, minmay_misc_feat_chi,
          minmay_misc_feat_pillars, uniq_duvessa, uniq_maggie
D:8:      layout_loops_ring, nicolae_wu_jian_wuxing_cycle, serial_shops,
          nicolae_take_the_stairs, enter_bailey_2
D:9:      layout_cave_pools, kennysheep_little_box, minmay_starry_boxes
D:10:     layout_loops_ring, roderic_malta_cross
D:11:     layout_long_grid, david_lair_generic, fedhas_altar_2
D:12:     layout_cave_pools, serial_shops, shop
D:13:     layout_small_grid, david_vaults_1, xom_shifter_show
D:14:     layout_roguey, solitary_fountain, serial_shops,
          nicolae_shop_waterfront, maelrawn_ghost_gauntlet_escape,
          grunt_ministairs_10, small_statue_intersection,
          kennysheep_small_circle
Temple:   nicolae_temple_god_jail
Lair:1:   layout_long_grid, special_room [special_room_bee], grunt_megastairs_4,
          serial_bayou_shore_b
Lair:2:   layout_concentric_octagons, minmay_shoals_entry_hut,
          dummy_snake_entry, portal_ice_cave_entry_pillars_2, nzn_ghost_randoct,
          gauntlet_entry_generic
Snake:1:  layout_chambers, minmay_shop_star, grunt_megastairs_1, uniq_rupert

Skill      XL: |  1  2  3  4  5  6  7  8  9 10 11 12 13 |
---------------+----------------------------------------+-----
Fighting       | 4 5 6 7 8 |  8.3
Armour         | 1 2 3 4 5 6 7 9 |  9.7
Maces & Flails | 1 2 3 |  3.1
Summonings     | 1 5 7 |  7.3
Spellcasting   | 1 2 3 |  3.0
Invocations    | 2 5 7 8 9 12 13 | 13.0
Axes           | 6 7 |  7.3
Dodging        | 4 |  4.5
Polearms       | 3 6 9 11 | 11.0
Shields        | 4 7 8 |  8.0
Evocations     | 3 5 7 |  7.0
Stealth        | |  1.5

Action                   |  1- 3 |  4- 6 |  7- 9 | 10-12 | 13-15 || total
-------------------------+-------+-------+-------+-------+-------++-------
Melee: Hand axe          |    30 |       |   328 |    45 |       ||   403
       Whip              |    71 |   112 |    33 |       |       ||   216
       Punch             |     2 |     1 |     2 |     2 |       ||     7
       Lance             |       |       |       |   790 |   362 ||  1152
Throw: Stone             |       |       |     1 |       |       ||     1
       Dart              |       |       |     3 |     7 |       ||    10
       Javelin           |       |       |       |     7 |       ||     7
 Cast: Summon Small Mamm |       |       |    47 |     8 |       ||    55
       Call Canine Famil |       |       |     4 |     4 |       ||     8
Invok: Draw Destruction  |       |       |     4 |     9 |     1 ||    14
       Triple Draw       |       |       |       |     1 |     1 ||     2
       Draw Summoning    |       |       |       |     1 |     2 ||     3
       Deal Four         |       |       |       |     1 |     1 ||     2
       Draw Stack        |       |       |       |       |     5 ||     5
       Draw Escape       |       |       |       |       |     5 ||     5
       Stack Five        |       |       |       |       |     1 ||     1
Evoke: Wand              |       |       |       |     2 |       ||     2
  Use: Potion            |     1 |     1 |     2 |    17 |     2 ||    23
       Scroll            |       |     5 |     5 |    13 |     3 ||    26
 Stab: Sleeping          |       |     1 |     2 |       |       ||     3
       Petrifying        |       |       |       |     1 |       ||     1
Armor: Robe              |     8 |       |       |       |       ||     8
       Scale mail        |    25 |     1 |       |       |       ||    26
       Ring mail         |       |    40 |   172 |    24 |       ||   236
       Plate armour      |       |       |       |   169 |       ||   169
       Skin              |       |       |       |     1 |       ||     1
       Chain mail        |       |       |       |   487 |   267 ||   754
Dodge: Dodged            |    77 |    65 |   326 |   364 |   241 ||  1073
Block: Tower shield      |       |       |       |   711 |   408 ||  1119
